 Dungeon Crawl Stone Soup version 0.29-a0-322-g68df515428 (webtiles) character file.

Game seed: 3145962571246719451

121 GigaChad the Slasher (level 4, -2/37 HPs)
             Began as a Demonspawn Chaos Knight on Apr 8, 2022.
             Was a Plaything of Xom.
             Slain by an orc wizard
             ... wielding a +0 dagger
              (3 damage)
             ... on level 4 of the Dungeon.
             The game lasted 00:06:29 (2233 turns).

GigaChad the Slasher (Demonspawn Chaos Knight)      Turns: 2233, Time: 00:06:30

Health: -2/37      AC:  6    Str: 12    XL:     4   Next: 77%
Magic:  4/4        EV: 11    Int: 13    God:    Xom [..*...]
Gold:   158        SH:  0    Dex: 15    Spells: 3/3 levels left

rFire   . . .      SeeInvis .   a - +0 falchion (chaos)
rCold   . . .      Faith    .   (no shield)
rNeg    . . .      Spirit   .   e - +1 ring mail
rPois   .          Reflect  .   (no helmet)
rElec   .          Harm     .   (no cloak)
rCorr   .          Rampage  .   (no gloves)
Will    .....                   (no boots)
Stlth   ..........              (no amulet)
HPRegen 0.12/turn               (no ring)
MPRegen 0.18/turn               (no ring)

@: confused
A: foul stench 1, magic regeneration, demonic touch 1
a: Renounce Religion


You were on level 4 of the Dungeon.
You worshipped Xom.
You were a toy of Xom.
You visited 1 branch of the dungeon, and saw 4 of its levels.

You collected 158 gold pieces.

Inventory:

Hand Weapons
 a - a +0 falchion of chaos (weapon)
Missiles
 k - 6 javelins
Armour
 b - a +2 leather armour
 e - a +1 ring mail (worn)
 n - a scarf of shadows
Scrolls
 d - 2 scrolls of teleportation
 j - a scroll of silence {unknown}
 l - a scroll of enchant armour
 m - 2 scrolls of identify {unknown}
 o - a scroll of magic mapping {unknown}
 r - 2 scrolls of acquirement {unknown}
Potions
 f - 2 potions of might {unknown}
 g - a potion of brilliance {unknown}
 h - a potion of mutation {unknown}
 i - 2 potions of flight {unknown}
 p - a potion of curing {unknown}
 q - a potion of cancellation {unknown}
Miscellaneous
 c - a piece from Xom's chessboard (15/15) (quivered)


   Skills:
 + Level 3.6 Fighting
 + Level 3.8 Long Blades
 + Level 2.5 Armour
 + Level 1.8 Dodging


You had 3 spell levels left.
You didn't know any spells.
Your spell library was empty.

Dungeon Overview and Level Annotations

Branches:
Dungeon (4/15)
 Temple: D:4-7

Altars:
Vehumet


Innate Abilities, Weirdness & Mutations

You may rarely emit foul miasma when damaged in melee.
You regenerate magic rapidly.
Your touch may inflict minor irresistible damage on your foes.


Message History

You hit something. Your touch misses something. Something hits you.
* * * LOW HITPOINT WARNING * * *
You closely miss something. Something hits you but does no damage.
You closely miss something. Something hits you.
* * * LOW HITPOINT WARNING * * *
You barely miss something. Your touch misses something.
Something hits you but does no damage.
You miss something. Your touch misses something.
Something hits you but does no damage.
You hit something. You freeze something. Something completely misses you.
You hear some strange, mumbled words.
You are confused.
You bump into the rock wall.
You hear the brisk rusting of a distant drain.
Something hits you.
* * * LOW HITPOINT WARNING * * *
Something hits you but does no damage.
You hear some strange, mumbled words.
You are more confused.
You bump into the rock wall.
You bump into the rock wall.
You hear some strange, mumbled words.
You are more confused.
You bump into the rock wall.
An orc wizard appears from thin air!
Reactivating autopickup.
The orc wizard barely misses you.
You hit the orc wizard. You burn the orc wizard.
Your touch misses the orc wizard.
The orc wizard is almost dead.
The orc wizard casts a spell.
The orc wizard flickers and vanishes!
Deactivating autopickup; reactivate with Ctrl-A.
You closely miss something. Something hits you but does no damage.
You closely miss something.
You hear some strange, mumbled words.
A magic dart appears from out of thin air!
The magic dart hits you.
* * * LOW HITPOINT WARNING * * *
You barely miss something. Your touch misses something. Something hits you.
You die...

............#.##.##
#........#.##.#
#########..).†.....##.#
.................####.
.....................>###
########.#.......#####...
#.######### #.## #.# #.#
#@# #.# #{# #.# # #o#
#.## #..###o###### #.#<
#.....o.....# #.#.
##.o##.####.# #...
....o....# ####
...o.....# ...o.....#


You could see 3 orcs.

Vanquished Creatures
  A hound (D:4)
  2 adders (D:4)
  2 worms (D:2)
  A dart slug (D:3)
  An orc (D:4)
  5 endoplasms
  3 giant cockroaches (D:2)
  5 goblins
  8 hobgoblins
  5 jackals
  8 quokkas
  2 ball pythons
  A bat (D:1)
  2 frilled lizards (D:2)
  7 kobolds
  4 rats
57 creatures vanquished.

Notes
Turn   | Place    | Note
-------+----------+-------------------------------------------
     0 | D:1      | GigaChad the Demonspawn Chaos Knight began the quest for
                  | the Orb.
     0 | D:1      | Reached XP level 1. HP: 18/18 MP: 1/1
     7 | D:1      | Found a faded altar of an unknown god.
   141 | D:1      | Gained mutation: Your touch may inflict minor irresistible
                  | damage on your foes. [demonic ancestry]
   141 | D:1      | Reached XP level 2. HP: 22/24 MP: 2/2
   353 | D:1      | XOM: cloud trail
   472 | D:2      | Found a radiant altar of Vehumet.
   533 | D:2      | XOM: divination: detect items
   563 | D:2      | Reached skill level 1 in Dodging
   617 | D:2      | XOM: divination: detect items
   634 | D:2      | Gained mutation: You regenerate magic rapidly. [demonic
                  | ancestry]
   634 | D:2      | Reached XP level 3. HP: 20/29 MP: 3/3
   944 | D:2      | XOM: divination: detect items
  1710 | D:3      | XOM: noise
  2014 | D:4      | Gained mutation: You may rarely emit foul miasma when
                  | damaged in melee. [demonic ancestry]
  2014 | D:4      | Reached XP level 4. HP: 26/35 MP: 4/4
  2232 | D:4      | HP: 1/37 [something/magic dart (6)]
  2233 | D:4      | Slain by an orc wizard

Illustrated notes

Levels and vault maps discovered:
D:1:      roderic_crossed_star, layout_rooms, hellmonk_ecumenical_altar_lost_god
D:2:      layout_basic, basic_altar
D:3:      layout_basic, lemuel_old_faithful
D:4:      layout_basic, mainiacjoe_overflow_boulevard,
          cheibrodos_sewer_entry_sluice

Skill      XL: |  1  2 |
---------------+-------+-----
Armour         | 2 |  2.5
Long Blades    | 3 |  3.8
Dodging        | 1 |  1.8
Fighting       | |  3.6

Action                   |  1- 3 |  4- 6 || total
-------------------------+-------+-------++-------
Melee: Falchion          |   117 |    38 ||   155
       Touch             |    15 |     5 ||    20
       Punch             |     2 |       ||     2
  Use: Scroll            |     4 |       ||     4
Armor: Leather armour    |     5 |       ||     5
       Ring mail         |    69 |    18 ||    87
Dodge: Dodged            |    78 |    13 ||    91

Table legend: (Time is in decaauts)
 A = Elapsed time spent in this place.
 B = Non-inter-level travel time spent in this place.
 C = Inter-level travel time spent in this place.
 D = Time resting spent in this place.
 E = Time spent auto-exploring this place.
 F = Levels seen in this place.
 G = Mean time per level.
                   A        B        C        D        E       F      G
               +--------+--------+--------+--------+--------+-----+--------+
         Total |   2255 |   2221 |     34 |    437 |    364 |   4 |  563.8 |
       Dungeon |   2255 |   2221 |     34 |    437 |    364 |   4 |  563.8 |
               +--------+--------+--------+--------+--------+-----+--------+

Top non-repeatable levels by time:
     D:2: 1019 daAuts
     D:3: 516 daAuts
     D:1: 456 daAuts
     D:4: 263 daAuts
